 Dungeon Crawl Stone Soup version 0.27.0-1-g7a089689b8 (webtiles) character file.

Game seed: 3427377631314252574

107 PentaManta the Insei (level 4, -5/32 HPs)
             Began as a Merfolk Transmuter on Aug 11, 2021.
             Slain by Sigmund (7 damage)
             ... on level 3 of the Dungeon.
             The game lasted 00:06:13 (3470 turns).

PentaManta the Insei (Merfolk Transmuter)           Turns: 3470, Time: 00:06:14

Health: -5/32      AC:  5    Str: 10    XL:     4   Next: 86%
Magic:  6/7        EV: 10    Int: 13    God:
Gold:   86         SH:  0    Dex: 14    Spells: 1/7 levels left

rFire    . . .     SeeInvis .     - Unarmed
rCold    . . .     Faith    .   (no shield)
rNeg     . . .     Spirit   .   c - +0 ring mail
rPois    .         Reflect  .   (helmet currently unavailable)
rElec    .         Harm     .   (no cloak)
rCorr    .         Rampage  .   (no gloves)
Will     .....                  (boots currently unavailable)
Stlth    +.........             (no amulet)
HPRegen  0.10/turn              (no ring)
MPRegen  0.10/turn              (no ring)

@: appendages
A: horns 2, (nimble swimmer 2), mertail
a: End Transformation


You were on level 3 of the Dungeon.
You had temporarily grown beastly horns.
You visited 1 branch of the dungeon, and saw 3 of its levels.

You collected 119 gold pieces.
You spent 33 gold pieces at shops.

Inventory:

Armour
 c - a +0 ring mail (worn)
 j - a +1 animal skin
 k - a +0 helmet (melded)
Scrolls
 b - a scroll of torment {unknown}
 d - a scroll of immolation {unknown}
 e - 3 scrolls of teleportation {unknown}
 f - 2 scrolls of identify {unknown}
 l - a scroll of silence {unknown}
Potions
 a - a potion of heal wounds {unknown}
 g - a potion of might {unknown}
 h - 2 potions of curing
 i - a potion of attraction {unknown}


   Skills:
 - Level 1.1 Fighting
 - Level 2.6 Dodging
 + Level 6.0 Unarmed Combat
 - Level 2.0 Spellcasting
 - Level 2.6 Transmutations


You had one spell level left.
You knew the following spells:

 Your Spells              Type           Power      Damage    Failure   Level
a - Beastly Appendage     Tmut           16%        N/A       22%         1
b - Spider Form           Tmut/Pois      2%         N/A       75%         3
c - Wereblood             Tmut           8%         N/A       32%         2

Your spell library contained the following spells:

 Spells                   Type           Power      Damage    Failure   Level
 Foxfire                  Conj/Fire      4%         2x1d4     54%         1
 Freeze                   Ice            4%         1d3       54%         1
 Ensorcelled Hibernation  Hex/Ice        2%         N/A       69%         2
 Conjure Flame            Conj/Fire      1%         6-21      89%         3
 Frozen Ramparts          Ice            2%         1d2       89%         3
 Gell's Gravitas          Tloc           0%         N/A       89%         3
 Inner Flame              Hex/Fire       1%         N/A       89%         3
 Teleport Other           Tloc           1%         N/A       89%         3
 Ice Form                 Ice/Tmut       4%         N/A       98%         4
 Hailstorm                Conj/Ice       1%         3d3       100%        4
 Dispersal                Tloc           0%         N/A       100%        6
 Shadow Creatures         Summ           N/A        N/A       100%        6


Dungeon Overview and Level Annotations

Branches:
Dungeon (3/15)

Altars:

Shops:
D:2 !

Annotations:
D:3 Sigmund


Innate Abilities, Weirdness & Mutations

You have temporarily grown beastly horns.
((You are quick and stealthy near water. (Stealth+, EV+, Speed+++)))
Your lower body shifts to a powerful aquatic tail in water.


Message History

Casting: Beastly Appendage (safe; 22% risk of failure)
Confirm with . or Enter, or press ? or * to list all spells.
You grow a pair of large bovine horns.
Your +0 helmet melds into your body.
The ball python bites you. The ball python barely misses you.
You hit the ball python.
You kill the ball python!
The endoplasm hits you.
You see here a ball python corpse.
You hit the endoplasm.
You kill the endoplasm!
Your Unarmed Combat skill increases to level 6!
No target in view!
No target in view!
Your transformation is almost over.
Magic restored.
HP restored.
Sigmund the Dreaded comes into view.
He is wielding a +0 scythe.
Sigmund shouts!
Found 11 gold pieces.
Casting: Beastly Appendage (safe; 22% risk of failure)
Confirm with . or Enter, or press ? or * to list all spells.
You don't know that spell.
Casting: Beastly Appendage (safe; 22% risk of failure)
Confirm with . or Enter, or press ? or * to list all spells.
Okay, then.
Casting: Beastly Appendage (safe; 22% risk of failure)
Confirm with . or Enter, or press ? or * to list all spells.
You extend your transformation's duration.
Sigmund casts a spell.
Sigmund flickers and vanishes!
Deactivating autopickup; reactivate with Ctrl-A.
Something hits you!
You hit something. You miss something. Something hits you.
You barely miss something. Something hits you!
* * * LOW HITPOINT WARNING * * *
You miss something. Your headbutt misses something. Something hits you.
* * * LOW HITPOINT WARNING * * *
You hit something. You headbutt something. Something hits you!
You die...

#. #$ #. #.## #... #
#..# ########## #.#.{#
#.........
##...@#######.########
.#8../.........# #
#.......†######## #
##...>.8.# # #.......#
# #.8.(...# #
##......# # #..#.(## #
#..#.## #


There were no monsters in sight!

Vanquished Creatures
  Natasha (D:2)
  Robin (D:2)
  An adder (D:2)
  3 worms (D:2)
  6 ball pythons
  4 bats
  4 endoplasms
  2 giant cockroaches (D:2)
  6 hobgoblins
  A jackal (D:2)
  6 kobolds
  A quokka (D:2)
  5 frilled lizards
  9 goblins
  3 rats
53 creatures vanquished.

Notes
Turn   | Place    | Note
-------+----------+-------------------------------------------
     0 | D:1      | PentaManta the Merfolk Transmuter began the quest for the
                  | Orb.
     0 | D:1      | Reached XP level 1. HP: 15/15 MP: 3/3
   633 | D:1      | Reached XP level 2. HP: 16/21 MP: 5/5
   793 | D:1      | Reached skill level 4 in Unarmed Combat
  1018 | D:1      | Found a faded altar of an unknown god.
  1543 | D:2      | Noticed Robin
  1738 | D:2      | Killed Robin
  1739 | D:2      | Reached XP level 3. HP: 14/26 MP: 4/6
  1970 | D:2      | Learned a level 3 spell: Spider Form
  1973 | D:2      | Learned a level 2 spell: Wereblood
  1984 | D:2      | Found Jeliob's Distillery.
  2018 | D:2      | Bought a potion of curing for 33 gold pieces
  2042 | D:2      | Reached skill level 5 in Unarmed Combat
  2359 | D:2      | Noticed Natasha
  2368 | D:2      | Killed Natasha
  2369 | D:2      | Reached XP level 4. HP: 6/32 MP: 5/7
  3450 | D:3      | Reached skill level 6 in Unarmed Combat
  3460 | D:3      | Noticed Sigmund
  3470 | D:3      | Slain by Sigmund

Illustrated notes

Levels and vault maps discovered:
D:1:      dpeg_chamrin_arrival_tetris, layout_rooms,
          chequers_ecumenical_altar_twisty, serial_co_window_serial,
          co_window_paths_a, co_window_corner_a, co_window_paths_b,
          co_window_paths_a, co_window_paths_a, co_window_of_opportunity_b,
          co_window_corner_b, co_window_broadway_a, co_window_paths_e,
          glass_columns_b, glass_columns_a
D:2:      minmay_razor_zed, layout_loops_ring, serial_shops,
          nicolae_shop_behind_doors, minmay_circle_x, uniq_robin, uniq_natasha
D:3:      layout_basic, serial_shops, nicolae_shop_window_shopping,
          amcnicky_mini_corridor_feature, grunt_ministairs_1,
          minmay_diced_spiral, uniq_sigmund

Skill      XL: |  1  2  3  4 |
---------------+-------------+-----
Unarmed Combat | 4 5 6 |  6.0
Fighting       | |  1.1
Dodging        | |  2.6
Spellcasting   | |  2.0
Transmutations | |  2.6

Action                   |  1- 3 |  4- 6 || total
-------------------------+-------+-------++-------
Melee: Unarmed           |   108 |    49 ||   157
       Headbutt          |     9 |     9 ||    18
       Punch             |     1 |       ||     1
 Cast: Beastly Appendage |     9 |    11 ||    20
Armor: Leather armour    |     9 |       ||     9
       Ring mail         |    15 |    14 ||    29
Dodge: Dodged            |    49 |    17 ||    66
